 Dungeon Crawl Stone Soup version 0.22.1-2-g9c5b331 (webtiles) character file.

18 ubloh the Ruffian (level 2, 0/16 HPs)
             Began as a Gargoyle Transmuter on Dec 28, 2018.
             Slain by a quokka (2 damage)
             ... on level 2 of the Dungeon.
             The game lasted 00:05:18 (547 turns).

ubloh the Ruffian (Gargoyle Transmuter)              Turns: 547, Time: 00:05:19

Health: 0/16       AC: 13    Str: 13    XL:     2   Next: 70%
Magic:  5/5        EV:  3    Int: 13    God:
Gold:   58         SH:  0    Dex: 10    Spells: 2/5 levels left

rFire    . . .     SeeInvis .     - Unarmed
rCold    . . .     Gourm    .   (no shield)
rNeg     + . .     Faith    .   c - +0 plate armour
rPois    ∞         Spirit   .   (no helmet)
rElec    +         Reflect  .   (no cloak)
rCorr    .         Harm     .   (no gloves)
MR       .....                  (no boots)
Stlth    ..........             (no amulet)
HPRegen  0.05/turn              (no ring)
MPRegen  0.09/turn              (no ring)

@: no status effects
A: negative energy resistance 1, electricity resistance, unbreathing,
petrification resistance, rot immunity, AC +2
a: no special abilities


You were on level 2 of the Dungeon.
You were not hungry.

You visited 1 branch of the dungeon, and saw 2 of its levels.

You collected 58 gold pieces.

Inventory:

Missiles
 a - 12 arrows
Armour
 b - a +0 robe
 c - a +0 plate armour (worn)
Scrolls
 e - a scroll of enchant weapon {unknown}
 g - a scroll of magic mapping {unknown}
Potions
 h - a potion of degeneration {unknown}
 i - a potion of berserk rage {unknown}
Comestibles
 d - a ration
 f - 4 chunks of flesh


   Skills:
 + Level 1.3 Fighting
 * Level 0.7 Armour
 + Level 1.7 Dodging
 * Level 3.3 Unarmed Combat
 - Level 2.0 Spellcasting
 * Level 1.8 Transmutations


You had 2 spell levels left.
You knew the following spells:

 Your Spells              Type           Power        Failure   Level  Hunger
a - Beastly Appendage     Tmut           #.....       100%        1    ##.....
b - Sticks to Snakes      Tmut           #.......     100%        2    ###....

Your spell library contained the following spells:

 Spells                   Type           Power        Failure   Level  Hunger
 Spider Form              Tmut/Pois      #.........   100%        3    ####...
 Ice Form                 Ice/Tmut       #.......     100%        4    #####..
 Blade Hands              Tmut           #.........   100%        5    ######.


Dungeon Overview and Level Annotations

Branches:
Dungeon (2/15)

Altars:


Innate Abilities, Weirdness & Mutations

You are resistant to torment.
Your stone body is resilient. (AC +2)
You are immune to poison.
You resist negative energy. (rN+)
You are resistant to electric shocks. (rElec)
You can survive without breathing.
You are immune to petrification.
You are immune to rotting.


Message History

The quokka bites you.
You miss the quokka.
The quokka bites you but does no damage.
The bat hits you but does no damage.
You barely miss the quokka. The bat hits you but does no damage.
The quokka bites you.
* * * LOW HITPOINT WARNING * * *
You closely miss the quokka. The bat hits you but does no damage.
The quokka barely misses you. The bat hits you but does no damage.
You miss the quokka. The bat hits you but does no damage.
The quokka bites you but does no damage. x2
You closely miss the quokka. The bat hits you but does no damage. x2
The quokka completely misses you.
You closely miss the quokka. The bat hits you but does no damage.
The quokka bites you.
* * * LOW HITPOINT WARNING * * *
You hit the quokka.
The quokka is moderately wounded.
The bat hits you but does no damage. The quokka bites you.
You die...

...### .# ..#..
.# #.#.###.#
#####.......####
................
.....b..........
................
.......@........
######r.........
###..............
#.....<..........
#.#.##...........
.. #....#.#####
## ######.# .. #.


You could see a quokka and a bat.

Vanquished Creatures
  2 leopard geckos (D:1)
  A bat (D:1)
  A giant cockroach (D:1)
  2 hobgoblins (D:1)
  A frilled lizard (D:1)
  6 goblins (D:1)
  A kobold (D:1)
14 creatures vanquished.

Notes
Turn   | Place    | Note
-------+----------+-------------------------------------------
     0 | D:1      | ubloh the Gargoyle Transmuter began the quest for the Orb.
     0 | D:1      | Reached XP level 1. HP: 12/12 MP: 3/3
    94 | D:1      | Reached XP level 2. HP: 7/16 MP: 5/5
   349 | D:1      | Learned a level 2 spell: Sticks to Snakes
   547 | D:2      | Slain by a quokka

Action                   || total
-------------------------++-------
Melee: Unarmed           ||    74
       Punch             ||     1
 Cast: Beastly Appendage ||     1
 Stab: Sleeping          ||     1
Armor: Robe              ||     8
       Plate armour      ||    40
Dodge: Dodged            ||    30
